 Dungeon Crawl Stone Soup version 0.32-a0-886-g41c5271027 (webtiles) character file.

Game seed: 5903281356685070009

38375 Dirtsage the Carver (level 13, -4/100 HPs)
             Began as a Demonspawn Monk on Apr 2, 2024.
             Was a High Priest of Wu Jian.
             Slain by a six-headed hydra (11 damage)
             ... on level 5 of the Lair of Beasts.
             The game lasted 00:48:13 (16529 turns).

Dirtsage the Carver (Demonspawn Monk)              Turns: 16529, Time: 00:48:14

Health: -4/100     AC: 15    Str: 13    XL:     13   Next: 63%
Magic:  13/13      EV: 11    Int: 11    God:    Wu Jian [*****.]
Gold:   634        SH: 16    Dex: 19    Spells: 12/12 levels left

rFire   + . .        v - +3 short sword
rCold   . . .        J - +0 kite shield
rNeg    . . .        r - +3 scale mail "Geilew" {rPois rF- Will+++ Regen+}
rPois   +            (helmet unavailable)
rElec   .            y - +2 cloak {Will+}
rCorr   .            E - +0 pair of gloves {Stlth+}
SInv    +            (no boots)
Will    ++++.        l - amulet of regeneration
Stlth   +            F - ring of protection from fire
HPRegen 1.96/turn    S - ring of protection from fire
MPRegen 0.13/turn

%: no passive effects
@: no status effects
A: antennae 3, large bone plates 1, foul stench 1, powered by death 2
a: Renounce Religion, Wall Jump, Serpent's Lash, Heavenly Storm


You were on level 5 of the Lair of Beasts.
You worshipped Wu Jian.
Wu Jian was extremely pleased with you.
You visited 3 branches of the dungeon, and saw 17 of its levels.
You also visited: Ossuary.

You collected 1877 gold pieces.
You spent 1243 gold pieces at shops.

Inventory:

Hand Weapons
 a - a +0 falchion
 b - a +3 falchion of holy wrath
 v - a +3 short sword (weapon)
Missiles
 P - 2 throwing nets (quivered)
Armour
 r - the +3 scale mail "Geilew" (worn) {rPois rF- Will+++ Regen+}
   (You bought it in a shop on level 3 of the Dungeon)

   rF-:       It makes you vulnerable to fire.
   rPois:     It protects you from poison.
   Will+++:   It greatly increases your willpower.
   Regen+:    It increases your rate of health regeneration.
 u - a +3 leather armour of poison resistance
 y - a +2 cloak of willpower (worn)
 E - a +0 pair of gloves of stealth (worn)
 J - a +0 kite shield (worn)
 M - an orb of light
Magical Staves
 w - a staff of fire
Jewellery
 k - an amulet of guardian spirit
 l - an amulet of regeneration (around neck)
 F - a ring of protection from fire (left hand)
 I - a +6 ring of intelligence
 N - a ring of positive energy
 Q - a +6 ring of strength
 S - a ring of protection from fire (right hand)
 T - an amulet of magic regeneration
Wands
 z - a wand of roots (14)
 L - a wand of mindburst (3)
 O - a wand of polymorph (6)
 R - a wand of acid (2)
Scrolls
 c - a scroll of revelation
 g - 2 scrolls of immolation
 i - a scroll of identify
 j - a scroll of summoning
 m - 3 scrolls of noise
 o - 4 scrolls of vulnerability
 p - 3 scrolls of amnesia
 s - 2 scrolls of fog
 t - a scroll of teleportation
 x - 3 scrolls of poison
 B - 2 scrolls of blinking
 C - 2 scrolls of enchant armour
 G - 2 scrolls of enchant weapon
 H - a scroll of silence
Potions
 d - 3 potions of might
 e - 4 potions of lignification
 f - 4 potions of brilliance
 h - 2 potions of haste
 n - 3 potions of mutation
 q - 2 potions of curing
 A - 2 potions of attraction
 D - 2 potions of cancellation
 K - a potion of magic


   Skills:
 + Level 8.8 Fighting
 - Level 14.3 Long Blades
 + Level 7.4 Armour
 + Level 7.8 Dodging
 * Level 9.0 Shields
 + Level 5.8 Shapeshifting


You had 12 spell levels left.
You didn't know any spells.
Your spell library contained the following spells:

 Spells                   Type           Power      Damage    Failure   Level
 Magic Dart               Conj           0%         1d3       98%         1
 Blink                    Tloc           0%         N/A       99%         2
 Lesser Beckoning         Tloc           0%         N/A       99%         2
 Momentum Strike          Conj/Tloc      0%         3d8       99%         2
 Searing Ray              Conj           0%         2d4       99%         2
 Inner Flame              Hex/Fire       0%         N/A       100%        3
 Summon Ice Beast         Ice/Summ       0%         N/A       100%        3
 Volatile Blastmotes      Fire/Tloc      0%         2d10      100%        3
 Flame Wave               Conj/Fire      0%         2d4       100%        4
 Fulminant Prism          Conj/Alch      0%         3d5       100%        4
 Iskenderun's Mystic Bla Conj/Tloc 0%             2d3        (+2d1     100%        4
 Sticky Flame             Fire/Alch      0%         2d4       100%        4
 Summon Mana Viper        Hex/Summ       0%         N/A       100%        5
 Monstrous Menagerie      Summ           0%         N/A       100%        7


Dungeon Overview and Level Annotations

Branches:
Dungeon (11/15)            Temple (1/1) D:7            Lair (5/5) D:11
  Swamp (0/4) Lair:3       Spider (0/4) Lair:2        Slime (0/5) Lair:4
    Orc (0/2) D:10        Ossuary (visited)

Altars:
Ashenzari
Cheibriados
Dithmenos
Fedhas
Gozag
Hepliaklqana
Kikubaaqudgha
Makhleb
Nemelex Xobeh
Okawaru
Qazlal
Ru
Sif Muna
Trog
Uskayaw
Vehumet
Wu Jian
Xom
Yredelemnul

Shops:
D:3 *=[:

Portals:
Trove: D:10 (show slimy rune of Zot)

Annotations:
D:7 1 runed translucent door, Notanamesir's ghost, novice CoHu
D:8 1 runed translucent door


Innate Abilities, Weirdness & Mutations

You have a pair of large antennae on your head. (SInv)
You are partially covered in large bone plates. (SH +4)
You may rarely emit foul miasma when damaged in melee.
You regenerate health from kills.


Message History

You take 4 damage, and have 33/100 hp.
You puncture the six-headed hydra!
The six-headed hydra is severely wounded.
Unknown command.
Unknown command.
Unknown command.
Aiming: Corrosive Bolt
Press: ? - help, Shift-Dir - straight line, f/p - six-headed hydra
Aim: a six-headed hydra (severely wounded, 90% to hit)
The bolt of acid hits the six-headed hydra!
The acid corrodes the six-headed hydra!
The six-headed hydra is almost dead.
You block the six-headed hydra's attack. x3
The six-headed hydra bites you.
* * * LOW HITPOINT WARNING * * *
The six-headed hydra bites you.
* * * LOW HITPOINT WARNING * * *
The six-headed hydra bites you but does no damage.
You take 9 damage, and have 25/100 hp.
You barely miss the six-headed hydra.
The six-headed hydra is almost dead.
You block the six-headed hydra's attack. x2
The six-headed hydra bites you!
* * * LOW HITPOINT WARNING * * *
The six-headed hydra bites you.
* * * LOW HITPOINT WARNING * * *
The six-headed hydra bites you but does no damage.
The six-headed hydra barely misses you.
You take 10 damage, and have 15/100 hp.
Okay, then.
You hit the six-headed hydra.
The six-headed hydra is almost dead.
The six-headed hydra bites you.
* * * LOW HITPOINT WARNING * * *
You emit a cloud of foul miasma!
You block the six-headed hydra's attack. x2
The six-headed hydra bites you!
* * * LOW HITPOINT WARNING * * *
The six-headed hydra bites you!
You die...

#!....#.#...##
#.............
#..P.....#....
###..#...###...
##..##..###*##..
##......?.###..#.
#.......$....##.#
##DF$.........####
#@#{.......#...#..
****###........#......
*,*,,................#
**,................###
**#..#........#####**
#####..##..##,****,
**,....##.#,,,,,,,
*,*..,,,##,,,,,,,,
***,,,,*****,,,,**


You could see a six-headed hydra (corroded) and a cane toad.

Vanquished Creatures
  A hydra (Lair:3)
  3 two-headed ogres
  A death yak (Lair:1)
  A fire crab (Lair:5)
  2 spriggan druids (Lair:3)
  A lindwurm (Lair:5)
  A manticore (D:11)
  22 elephants
  4 black mambas
  10 cane toads
  3 rime drakes
  Psyche (D:9)
  7 komodo dragons
  2 polar bears
  2 hornets (D:8)
  A troll (D:11)
  Grinder (D:3)
  Prince Ribbit (D:9)
  5 blink frogs (Lair:5)
  A shadow (D:8)
  4 wyverns
  3 wraiths
  42 yaks
  3 culicivoras (Lair:2)
  2 vampires
  Grum (D:8)
  A redback (Lair:2)
  Eustachio (D:6)
  4 vampire mosquitoes (D:11)
  2 basilisks
  5 water moccasins
  2 acid dragons (D:11)
  6 orc warriors
  A sky beast (D:6)
  2 black bears
  3 ogres
  14 wolves
  4 centaurs
  2 phantoms (D:5)
  A kobold brigand (D:7)
  10 bullfrogs
  A gnoll sergeant (D:10)
  12 scorpions
  8 wights
  4 killer bees (D:8)
  A howler monkey (D:6)
  An electric eel (Lair:2)
  A quasit (D:7)
  A centaur zombie (Ossuary)
  2 human zombies (Ossuary)
  14 jellies
  7 orc priests
  2 hounds (D:4)
  An iguana (D:7)
  5 scorpion zombies (Ossuary)
  7 orc wizards
  6 hell rats (Lair:3)
  3 mummies (Ossuary)
  4 gnolls
  9 adders
  A white imp (D:7)
  2 ufetubi (D:7)
  5 dart slugs
  A ribbon worm (D:2)
  32 orcs
  8 endoplasms
  5 giant cockroaches
  A goblin (D:3)
  9 hobgoblins
  10 kobolds
  6 quokkas
  8 ball pythons
  2 ball python zombies (Ossuary)
  3 bats
  3 frilled lizards
  3 jackal zombies (Ossuary)
  4 orc zombies (Ossuary)
  4 rats (D:1)
379 creatures vanquished.

Vanquished Creatures (collateral kills)
  A komodo dragon (Lair:1)
1 creature vanquished.

Grand Total: 380 creatures vanquished

Notes
Turn   | Place    | Note
-------+----------+-------------------------------------------
     0 | D:1      | Dirtsage the Demonspawn Monk began the quest for the Orb.
     0 | D:1      | Reached XP level 1. HP: 18/18 MP: 1/1
   129 | D:1      | Reached skill level 3 in Long Blades
   148 | D:1      | Gained mutation: You have a pair of small antennae on your
                  | head. [demonic ancestry]
   148 | D:1      | Reached XP level 2. HP: 23/24 MP: 2/2
   200 | D:1      | HP: 1/24 [hobgoblin (3)]
   463 | D:1      | Gained mutation: You have a pair of antennae on your head.
                  | [demonic ancestry]
   463 | D:1      | Reached XP level 3. HP: 17/29 MP: 3/3
   549 | D:1      | Reached skill level 4 in Long Blades
  1200 | D:2      | Gained mutation: You may rarely emit foul miasma when
                  | damaged in melee. [demonic ancestry]
  1200 | D:2      | Reached XP level 4. HP: 29/35 MP: 4/4
  2008 | D:3      | Found Poliepp's General Store.
  2039 | D:3      | Noticed Grinder
  2042 | D:3      | Paralysed by Grinder for 3 turns
  2080 | D:3      | Paralysed by Grinder for 5 turns
  2119 | D:3      | Killed Grinder
  2120 | D:3      | Reached skill level 6 in Long Blades
  2120 | D:3      | Gained mutation: You regenerate a little health from kills.
                  | [demonic ancestry]
  2120 | D:3      | Reached XP level 5. HP: 10/41 MP: 2/5
  2120 | D:3      | Reached XP level 6. HP: 12/47 MP: 2/6
  2281 | D:3      | Found Limoreal's Jewellery Shop.
  2287 | D:3      | Found Caozahu's Armour Shoppe.
  2355 | D:3      | Found Hefafor's Book Boutique.
  2814 | D:4      | Reached skill level 7 in Long Blades
  3124 | D:3      | Reached XP level 7. HP: 49/52 MP: 7/7
  3364 | D:5      | Entered Level 5 of the Dungeon
  3593 | D:5      | Reached skill level 8 in Long Blades
  4384 | D:6      | Noticed Eustachio
  4418 | D:6      | Reached skill level 9 in Long Blades
  4418 | D:6      | Reached XP level 8. HP: 44/58 MP: 4/8
  4472 | D:6      | Killed Eustachio
  4984 | D:6      | Reached skill level 10 in Long Blades
  5023 | D:6      | Identified a scroll of acquirement
  5024 | D:6      | Acquired 803 gold pieces
  5131 | D:3      | Bought an amulet of regeneration for 330 gold pieces
  5131 | D:3      | Bought the +3 scale mail "Geilew" {rPois rF- Will+++
                  | Regen+} for 563 gold pieces
  5502 | D:7      | You fall into a shaft and drop 3 floors!
  5502 | D:10     | Entered Level 10 of the Dungeon
  5578 | D:9      | Noticed Prince Ribbit
  5586 | D:9      | Killed Prince Ribbit
  5657 | D:9      | Reached skill level 11 in Long Blades
  5701 | D:9      | Reached XP level 9. HP: 38/55 MP: 9/9
  5788 | D:9      | Noticed Psyche
  5821 | D:9      | Killed Psyche
  5928 | D:7      | Found a sand-covered staircase.
  5929 | D:7      | Found a runed translucent door.
  5930 | D:7      | Found a shimmering altar of Xom.
  5930 | D:7      | Noticed Notanamesir's ghost (novice CoHu)
  5933 | D:7      | Noticed a +1 falchion of chaos
  5953 | Ossuary  | Entered an ossuary
  5996 | Ossuary  | Reached skill level 12 in Long Blades
  6223 | Ossuary  | Reached skill level 1 in Armour
  6626 | D:7      | Found a staircase to the Ecumenical Temple.
  6647 | Temple   | Entered the Ecumenical Temple
  6669 | Temple   | Became a worshipper of the Wu Jian Council
  6669 | Temple   | Reached * piety under Wu Jian
  6669 | Temple   | Reached ** piety under Wu Jian
  6718 | D:7      | Gained mutation: You regenerate health from kills. [demonic
                  | ancestry]
  6718 | D:7      | Reached XP level 10. HP: 69/71 MP: 10/10
  7377 | D:8      | Found a shimmering altar of Xom.
  7442 | D:8      | Noticed a white ugly thing
  7442 | D:8      | Noticed a manticore
  7442 | D:8      | Noticed a manticore
  7443 | D:8      | Found a runed translucent door.
  7445 | D:8      | Noticed a manticore
  7445 | D:8      | Noticed a centaur warrior
  7445 | D:8      | Noticed a white ugly thing
  7445 | D:8      | Noticed a green ugly thing
  7499 | D:8      | Found a stormy altar of Qazlal.
  7861 | D:8      | Found a radiant altar of Vehumet.
  7902 | D:8      | Paralysed by a hornet for 2 turns
  7917 | D:8      | Paralysed by a hornet for 1 turns
  8223 | D:8      | Reached skill level 13 in Long Blades
  8282 | D:9      | Noticed Grum
  8406 | D:8      | Killed Grum
  8718 | D:9      | Noticed a two-headed ogre
  8820 | D:9      | Killed a two-headed ogre
  8821 | D:9      | Reached skill level 5 in Fighting
  8821 | D:9      | Reached skill level 1 in Shapeshifting
  8838 | D:9      | Found a broken altar of Ashenzari.
  8889 | D:9      | Found a hide-covered altar of Uskayaw.
  8889 | D:9      | Found a bloodstained altar of Trog.
  8957 | D:10     | Found a staircase to the Orcish Mines.
  9004 | D:9      | Reached *** piety under Wu Jian
  9061 | D:10     | Found a portal to a secret trove of treasure.
  9250 | D:10     | Reached skill level 1 in Shields
  9316 | D:10     | Reached XP level 11. HP: 75/80 MP: 11/11
  9375 | D:10     | Reached skill level 5 in Dodging
  9593 | D:10     | Noticed a two-headed ogre
  9607 | D:10     | Killed a two-headed ogre
  9939 | D:11     | Reached **** piety under Wu Jian
 10053 | D:11     | Noticed a two-headed ogre
 10085 | D:11     | Killed a two-headed ogre
 10086 | D:11     | Reached skill level 14 in Long Blades
 10122 | D:11     | Found a staircase to the Lair.
 10544 | Lair:1   | Entered Level 1 of the Lair of Beasts
 10745 | Lair:1   | You fall into a shaft and drop 1 floor!
 10828 | Lair:1   | Reached skill level 5 in Armour
 10933 | Lair:1   | Gained mutation: You have a pair of large antennae on your
                  | head. (SInv) [demonic ancestry]
 10933 | Lair:1   | Reached XP level 12. HP: 89/89 MP: 12/12
 11070 | Lair:1   | Noticed a death yak
 11070 | Lair:1   | Noticed a death yak
 11070 | Lair:1   | Noticed a death yak
 11219 | Lair:2   | Reached skill level 5 in Shields
 11752 | Lair:2   | Found a hole to the Spider Nest.
 11787 | Lair:2   | HP: 1/91 [culicivora (17)]
 12567 | Lair:3   | Noticed a four-headed hydra
 12602 | Lair:3   | Killed a five-headed hydra
 12729 | Lair:3   | Reached ***** piety under Wu Jian
 13191 | Lair:3   | Reached skill level 5 in Shapeshifting
 13219 | Lair:3   | Gained mutation: You are partially covered in large bone
                  | plates. (SH +4) [demonic ancestry]
 13219 | Lair:3   | Reached XP level 13. HP: 83/98 MP: 13/13
 13618 | Lair:3   | Found a staircase to the Swamp.
 14164 | Lair:4   | Found a staircase to the Slime Pits.
 15281 | Lair:5   | Entered Level 5 of the Lair of Beasts
 15720 | D:3      | Bought a ring of protection from fire for 350 gold pieces
 16529 | Lair:5   | Slain by a six-headed hydra

Illustrated notes

Levels and vault maps discovered:
D:1:      lightli_arrival_statuegarden, layout_basic, minmay_pentomino_r4
D:2:      layout_loops_corners, minmay_fountain_box
D:3:      layout_rooms, serial_shops, nicolae_shop_advertising_works
          [nicolae_subvault_shop_adworks], shop, shop, shop,
          minmay_misc_feat_five, uniq_grinder
D:4:      layout_cave_pools, minmay_quadrilaterals
D:5:      layout_loops_ring
D:6:      layout_basic, grunt_ministairs_13, uniq_eustachio
D:7:      layout_basic, minmay_temple_entry_statues_pillars, serial_demonic,
          serial_demonic_e, serial_demonic_e, serial_demonic_b,
          serial_demonic_b, serial_demonic_g, serial_demonic_b,
          serial_demonic_g, serial_demonic_a, ebering_ghost_xom,
          nicolae_ossuary_entry_monument, hangedman_decor_clover_reticule
D:8:      minmay_gate_of_8, layout_gridville, fiery_altar_vehumet,
          gammafunk_temple_overflow_wave, kennysheep_mini
D:9:      layout_cave_pools, general_overflow_altar,
          nicolae_overflow_two_pavilions, minmay_holes, uniq_prince_ribbit1,
          uniq_grum, uniq_psyche
D:10:     layout_roguey, david_orc_3, enter_bailey_2,
          nicolae_trove_entry_columns
D:11:     layout_basic, erik_lair_orcish_takeover
Temple:   nicolae_temple_superstar
Lair:1:   layout_regular_city, nicolae_lair_liquid_snakes, lemuel_fruit_tree
Lair:2:   layout_cave_pods, spider_nest_entry_funnel_web, grunt_megastairs_1,
          infiniplex_staircase_pool
Lair:3:   layout_long_grid, mainiacjoe_swamp_entry_angry_trees, serial_rivers,
          chequers_serial_rivers_marsh, chequers_serial_rivers_micro_a,
          chequers_serial_rivers_small_b, chequers_serial_rivers_micro_e,
          grunt_megastairs_3
Lair:4:   layout_layer_cave, minmay_slime_entry_jelly_boxes
Lair:5:   cheibrodos_lair_end_hotspot, layout_layer_cave, st_stairs_5,
          minivault_11, cheibrodos_lair_lostbears

Skill      XL: |  1  2  3  4  5  6  7  8  9 10 11 12 13 |
---------------+----------------------------------------+-----
Long Blades    | 3 4 6 7 9 11 12 13 14 | 14.3
Armour         | 2 4 5 6 7 |  7.4
Dodging        | 3 4 5 7 |  7.8
Fighting       | 4 5 6 8 |  8.8
Shapeshifting  | 2 3 5 |  5.8
Shields        | 1 4 7 9 |  9.0

Action                     |  1- 3 |  4- 6 |  7- 9 | 10-12 | 13-15 || total
---------------------------+-------+-------+-------+-------+-------++-------
  Melee: Falchion          |   103 |   128 |   539 |  1499 |   636 ||  2905
         Short sword       |       |       |       |    15 |    23 ||    38
  Throw: Throwing net      |       |       |     1 |       |       ||     1
 Invoke: Serpent's Lash    |       |       |       |     1 |     2 ||     3
Ability: Whirlwind         |       |       |       |   211 |   107 ||   318
         Lunge             |       |       |       |    45 |    10 ||    55
  Evoke: Wand              |       |       |       |    10 |     2 ||    12
    Use: Scroll            |     2 |     4 |     5 |     8 |     9 ||    28
         Potion            |       |     5 |     1 |     5 |       ||    11
   Stab: Paralysed         |       |       |       |     8 |       ||     8
         Distracted        |       |       |       |     2 |       ||     2
         Sleeping          |       |       |       |       |     2 ||     2
 Armour: Robe              |    55 |       |       |       |       ||    55
         Ring mail         |    38 |    79 |    70 |       |       ||   187
         Scale mail        |       |       |   236 |   768 |   295 ||  1299
         Leather armour    |       |       |    36 |       |       ||    36
         Skin              |       |       |       |    73 |       ||    73
  Dodge: Dodged            |    57 |    70 |   237 |   385 |   107 ||   856
  Block: Kite shield       |       |       |       |   355 |   341 ||   696

Table legend: (Time is in decaauts)
 A = Elapsed time spent in this place.
 B = Non-inter-level travel time spent in this place.
 C = Inter-level travel time spent in this place.
 D = Time resting spent in this place.
 E = Time spent auto-exploring this place.
 F = Levels seen in this place.
 G = Mean time per level.
                   A        B        C        D        E       F      G
               +--------+--------+--------+--------+--------+-----+--------+
         Total |  15935 |  14491 |   1444 |    345 |  10110 |  18 |  885.3 |
       Dungeon |  10203 |   9260 |    943 |    219 |   6971 |  11 |  927.5 |
        Temple |     44 |      2 |     42 |      0 |      0 |   1 |   44.0 |
          Lair |   5349 |   4891 |    458 |    126 |   3023 |   5 | 1069.8 |
       Ossuary |    337 |    337 |      0 |      0 |    116 |   1 |  337.0 |
               +--------+--------+--------+--------+--------+-----+--------+

Top non-repeatable levels by time:
  Lair:4: 1426 daAuts
  Lair:3: 1371 daAuts
  Lair:2: 1295 daAuts
     D:8: 1233 daAuts
     D:6: 1212 daAuts
     D:2: 1044 daAuts
     D:7: 944 daAuts
     D:1: 940 daAuts
    D:11: 894 daAuts
     D:5: 870 daAuts
     D:4: 807 daAuts
     D:9: 793 daAuts
    D:10: 743 daAuts
     D:3: 720 daAuts
  Lair:1: 713 daAuts
